 Dungeon Crawl Stone Soup version 0.18-a0-1414-gcd7f35e (webtiles) character file.

82 Oddball22 the Skirmisher (level 4, 0/52 HPs)
             Began as a Demonspawn Artificer on Feb 26, 2016.
             Slain by Grinder (2 damage)
             ... while paralysed by something
             ... on level 3 of the Dungeon.
             The game lasted 00:07:02 (1690 turns).

Oddball22 the Skirmisher (Demonspawn Artificer)     Turns: 1690, Time: 00:07:02

Health: 0/52       AC: 22    Str: 10 (11) XL:     4   Next: 21%
Magic:  6/6        EV:  2    Int: 15 (18) God:
Gold:   161        SH:  0    Dex: 12 (15) Spells: 0 memorised, 3 levels left

rFire  + . .     SeeInvis .     a - +0 short sword
rCold  + . .     Gourm    +     (armour currently unavailable)
rNeg   + + +     Faith    .     (no shield)
rPois  +         Spirit   .     (helmet currently unavailable)
rElec  +         Dismiss  .     (cloak currently unavailable)
rCorr  +         Reflect  .     (gloves currently unavailable)
SustAt .         Harm     .     (boots currently unavailable)
MR     .....     NoTele   +     j - amulet of the gourmand
Stlth  ++........               (no ring)
                                (no ring)

@: paralysed, brilliant, tree-form, resistant, not resistant to hostile
enchantments, unstealthy
A: (horns 0), powered by death 1
a: no special abilities


You were on level 3 of the Dungeon.
You were completely stuffed.
You were a tree.
You visited 1 branch of the dungeon, and saw 3 of its levels.

You collected 161 gold pieces.

Inventory:

Hand Weapons
 a - a +0 short sword (weapon)
Missiles
 h - 15 arrows
 r - 20 bolts
Armour
 b - a +0 leather armour (melded)
Jewellery
 j - an amulet of the gourmand (around neck)
Wands
 c - a wand of flame (0/48)
 d - a wand of enslavement (15/24)
 e - a wand of random effects (2/48)
Scrolls
 g - 2 scrolls of enchant weapon {unknown}
 k - a scroll of magic mapping {unknown}
 n - 2 scrolls of recharging {unknown}
 v - a scroll of identify {unknown}
Potions
 s - a potion of lignification
 t - a potion of degeneration
Comestibles
 f - 3 bread rations
 i - a beef jerky
 l - 2 fruits
 o - a chunk of flesh
 u - a meat ration


   Skills:
 * Level 3.4 Fighting
 - Level 0.8 Short Blades
 + Level 2.6 Dodging
 - Level 0.8 Stealth
 - Level 3.0 Evocations


You had 3 spell levels left.
You didn't know any spells.

Dungeon Overview and Level Annotations

Branches:
Dungeon (3/15)

Altars:
Elyvilon
Makhleb

Annotations:
D:3 Grinder


Innate Abilities, Weirdness & Mutations

((You have a pair of small horns on your head.))
You regenerate a little health from kills.


Message History

This wand has 3 charges left.
Evoke which item? (* to show all) (? for menu, Esc to quit)
Zapping:
e - a wand of random effects (3/48)
Press: ? - help, Shift-Dir - straight line, f/p - Grinder
Aim: Grinder (lightly wounded, fast) Grinder flickers and vanishes!
Deactivating autopickup; reactivate with Ctrl-A.
This wand has 2 charges left.
You barely miss something. Something hits you but does no damage.
You hit something. Something hits you.
* * * LOW HITPOINT WARNING * * *
You closely miss something. Something hits you but does no damage.
You miss something.
Something hits you but does no damage. x2
You hit something. Something hits you but does no damage.
You hit something. Something hits you but does no damage.
You hit something.
You suddenly lose the ability to move!
Something hits you but does no damage. Something hits you but does no damage.
Something hits you.
You die...

....# ####### ###.###
##......##### # #...#
#...........# # #...#
#...........# #...#
#...........# #######
#...........#
.#########...........#
.....................+
...#######.....{♣....# #.
...####.....####'######...
...(..+.....# #.####....
......#.....####.........
......#.....##......#....
......#.....##......# .
......#.....##.......(....
......#.....##........._..
......#...####............


There were no monsters in sight!

Vanquished Creatures
  3 adders (D:2)
  2 oozes (D:2)
  A worm (D:2)
  A dart slug (D:1)
  A giant gecko (D:2)
  5 giant cockroaches
  3 goblins (D:2)
  2 hobgoblins
  4 jackals (D:2)
  6 kobolds
  A quokka (D:2)
  4 bats
  6 giant newts
  3 rats
42 creatures vanquished.

Notes
Turn   | Place    | Note
--------------------------------------------------------------
     0 | D:1      | Oddball22 the Demonspawn Artificer began the quest for the Orb.
     0 | D:1      | Reached XP level 1. HP: 15/15 MP: 3/3
   275 | D:1      | Gained mutation: You regenerate a little health from kills. [demonic ancestry]
   275 | D:1      | Reached XP level 2. HP: 16/22 MP: 4/4
   972 | D:2      | Reached XP level 3. HP: 21/28 MP: 5/5
  1236 | D:2      | Gained mutation: You have a pair of small horns on your head. [demonic ancestry]
  1236 | D:2      | Reached XP level 4. HP: 18/35 MP: 6/6
  1416 | D:3      | Found a white marble altar of Elyvilon.
  1640 | D:3      | Found a burning altar of Makhleb.
  1642 | D:3      | Noticed Grinder
  1659 | D:3      | Paralysed by Grinder for 3 turns
  1667 | D:3      | HP: 2/52 [Grinder (1)]
  1672 | D:3      | Paralysed by Grinder for 7 turns
  1682 | D:3      | HP: 1/52 [something (4)]
  1687 | D:3      | Paralysed by something for 6 turns
  1690 | D:3      | Slain by Grinder

Vault maps used:
D:1:      saegor_arrival_simple_f
D:2:      first_bread
D:3:      overflow_temple_1_default, nicolae_overflow_crystal_walls,
          uniq_sigmund, uniq_grinder

Skill      XL: |  1  2  3 |
---------------+----------+-----
Dodging        | 2 |  2.6
Fighting       | 2 3 |  3.4
Short Blades   | |  0.8
Stealth        | |  0.8
Evocations     | |  3.0

Action                   |  1- 3 |  4- 6 || total
-------------------------+-------+-------++-------
Melee: Short sword       |   151 |    27 ||   178
Evoke: Wand              |    11 |    17 ||    28
  Use: Potion            |       |     6 ||     6
 Stab: Sleeping          |     1 |       ||     1
  Eat: Chunk             |    16 |     1 ||    17
